 Dungeon Crawl Stone Soup version 0.30.1 (webtiles) character file.

Game seed: 10151550823939696538

3987 Graphine the Nimble (level 10, -1/61 HPs)
             Began as a Kobold Brigand on July 8, 2023.
             Was a Priest of Wu Jian.
             Slain by a two-headed ogre
             ... wielding a +0 giant club
              (25 damage)
             ... on level 7 of the Dungeon.
             The game lasted 00:20:13 (6120 turns).

Graphine the Nimble (Kobold Brigand)                Turns: 6120, Time: 00:20:14

Health: -1/61      AC:  7    Str: 10    XL:     10   Next: 46%
Magic:  10/10      EV: 21    Int: 12    God:    Wu Jian [***...]
Gold:   387        SH:  0    Dex: 20    Spells: 9/9 levels left

rFire   . . .        a - +4 dagger (heavy)
rCold   + + .        (no shield)
rNeg    + . .        v - +2 robe {rN+}
rPois   .            (no helmet)
rElec   .            c - +1 cloak
rCorr   .            (no gloves)
SInv    .            x - +0 pair of boots
Will    .....        n - amulet of regeneration
Stlth   ++++++       m - ring of protection from cold
HPRegen 1.10/turn    o - ring of protection from cold
MPRegen 0.12/turn

%: no passive effects
@: no status effects
A: small, no large weapons, nightstalker 3
a: Renounce Religion, Wall Jump, Serpent's Lash


You were on level 7 of the Dungeon.
You worshipped Wu Jian.
Wu Jian was most pleased with you.
You visited 1 branch of the dungeon, and saw 7 of its levels.

You collected 387 gold pieces.

Inventory:

Hand Weapons
 a - a +4 heavy dagger (weapon)
Missiles
 d - 12 poisoned darts
 g - 22 stones
 q - 5 boomerangs of dispersal
 r - 2 boomerangs (quivered)
Armour
 c - a +1 cloak (worn)
 v - a +2 robe of positive energy (worn)
 x - a +0 pair of boots (worn)
Jewellery
 m - a ring of protection from cold (left hand)
 n - an amulet of regeneration (around neck)
 o - a ring of protection from cold (right hand)
 s - a +6 ring of strength
Wands
 i - a wand of roots (14)
 l - a wand of acid (1)
Scrolls
 b - 2 scrolls of poison
 h - 2 scrolls of fear
 k - a scroll of amnesia
 p - 3 scrolls of immolation
 t - 3 scrolls of teleportation
 y - a scroll of identify
 z - a scroll of noise {unknown}
Potions
 f - a potion of flight
 j - a potion of curing
 u - a potion of magic
 w - a potion of cancellation


   Skills:
 + Level 6.4 Fighting
 * Level 6.8 Short Blades
 * Level 9.0 Throwing
 * Level 9.5 Dodging
 + Level 9.5 Stealth


You had 9 spell levels left.
You didn't know any spells.
Your spell library contained the following spells:

 Spells                   Type           Power      Damage    Failure   Level
 Summon Small Mammal      Summ           0%         N/A       32%         1
 Call Canine Familiar     Summ           0%         N/A       69%         3
 Portal Projectile        Hex/Tloc       0%         N/A       69%         3
 Summon Guardian Golem    Hex/Summ       0%         N/A       69%         3
 Leda's Liquefaction      Hex/Erth       0%         N/A       97%         4


Dungeon Overview and Level Annotations

Branches:
Dungeon (7/15)             Temple (0/1) D:5

Altars:
Qazlal
Wu Jian


Innate Abilities, Weirdness & Mutations

You are small and have problems with some larger weapons.
You are completely attuned to the shadows.


Message History

You hit the two-headed ogre.
The two-headed ogre is lightly wounded.
You hear a shout!
The two-headed ogre closely misses you.
The two-headed ogre completely misses you.
Throw: 6 boomerangs (disperse)
Press: ? - help, Shift-Dir - straight line, f - two-headed ogre
Aim: a two-headed ogre, wielding two +0 giant clubs (lightly wounded, 80% to hit)
You throw a boomerang of dispersal.
The boomerang of dispersal hits the two-headed ogre and shatters for extra damage!
The two-headed ogre blinks!
The two-headed ogre is moderately wounded.
Throw: 2 darts (curare)
Press: ? - help, Shift-Dir - straight line, f/p - two-headed ogre
Aim: a two-headed ogre, wielding two +0 giant clubs (moderately wounded, 80% to hit)
You throw a curare-tipped dart.
The curare-tipped dart barely misses the two-headed ogre.
Unknown command.
Throw: dart (curare)
Press: ? - help, Shift-Dir - straight line, f/p - two-headed ogre
Aim: a two-headed ogre, wielding two +0 giant clubs (moderately wounded, 80% to hit)
You throw a curare-tipped dart.
The curare-tipped dart completely misses the two-headed ogre.
Throw: 13 darts (poison)
Press: ? - help, Shift-Dir - straight line, f/p - two-headed ogre
Aim: a two-headed ogre, wielding two +0 giant clubs (moderately wounded, 80% to hit)
You throw a poisoned dart.
The poisoned dart hits the two-headed ogre.
The two-headed ogre is poisoned.
The two-headed ogre is moderately wounded.
You puncture the two-headed ogre!
The two-headed ogre is heavily wounded.
The two-headed ogre hits you with a +0 giant club! x2
You hit the two-headed ogre but do no damage.
The two-headed ogre is heavily wounded.
You barely miss the two-headed ogre.
The two-headed ogre is heavily wounded.
The two-headed ogre hits you with a +0 giant club!
The two-headed ogre hits you with a +0 giant club!!
You die...

....#....#...................
##
#...#....#...................
.###
#..................##.......
...#
.#...##............#........
...#
#.#.##............#........
####
#.#..#............#........ #
##.#.#...(...........#........
#
#..........(.........#..######
# #...........O@.......# #
#........##.########## #
#........## # #........# #
#........# ####........#
#...........# #.##........##
..###..........


You could see a two-headed ogre (poisoned).

Vanquished Creatures
  Pikel (D:5)
  Sigmund (D:6)
  A wyvern (D:6)
  A steam dragon (D:7)
  Edmund (D:6)
  An acid dragon (D:6)
  An orc warrior (D:7)
  3 sky beasts
  3 ice beasts (D:6)
  2 black bears
  2 ogres
  2 centaurs
  A kobold brigand (D:7)
  A phantom (D:6)
  A bullfrog (D:6)
  6 scorpions
  3 wights (D:6)
  4 killer bees (D:7)
  5 howler monkeys
  2 jellies
  6 hounds
  2 iguanas
  2 sleepcaps
  3 orc wizards
  5 gnolls
  4 adders
  A shadow imp (D:7)
  3 white imps
  4 ufetubi
  A worm (D:2)
  3 dart slugs
  21 orcs
  7 endoplasms
  7 giant cockroaches
  7 goblins
  4 hobgoblins
  4 jackals
  6 kobolds
  2 quokkas
  5 ball pythons
  6 bats
  4 frilled lizards
  11 rats
160 creatures vanquished.

Vanquished Creatures (others)
  An orc wizard (D:7)
  An orc (D:7)
2 creatures vanquished.

Grand Total: 162 creatures vanquished

Notes
Turn   | Place    | Note
-------+----------+-------------------------------------------
     0 | D:1      | Graphine the Kobold Brigand began the quest for the Orb.
     0 | D:1      | Reached XP level 1. HP: 12/12 MP: 1/1
   109 | D:1      | Reached XP level 2. HP: 15/18 MP: 2/2
   532 | D:1      | Reached XP level 3. HP: 22/22 MP: 3/3
  1372 | D:2      | HP: 1/22 [poisoned by an adder]
  1502 | D:2      | Found a faded altar of an unknown god.
  1567 | D:2      | Prayed at the altar of an unknown god.
  1567 | D:2      | Became a worshipper of the Wu Jian Council
  1567 | D:2      | Reached * piety under Wu Jian
  1610 | D:2      | Reached XP level 4. HP: 27/27 MP: 4/4
  1989 | D:3      | Noticed a sky beast
  1993 | D:3      | Killed a sky beast
  1994 | D:3      | Reached XP level 5. HP: 32/32 MP: 5/5
  2730 | D:4      | Noticed a black bear
  2735 | D:4      | Killed a black bear
  2736 | D:4      | Reached XP level 6. HP: 37/37 MP: 6/6
  2846 | D:4      | Noticed a sky beast
  2848 | D:4      | Found a stormy altar of Qazlal.
  2855 | D:4      | Killed a sky beast
  2855 | D:4      | Reached ** piety under Wu Jian
  2856 | D:4      | Reached XP level 7. HP: 35/42 MP: 7/7
  3026 | D:4      | Reached skill level 5 in Throwing
  3026 | D:4      | Reached skill level 5 in Dodging
  3522 | D:5      | Entered Level 5 of the Dungeon
  3562 | D:5      | Reached XP level 8. HP: 38/48 MP: 8/8
  3874 | D:5      | Found a staircase to the Ecumenical Temple.
  3887 | D:5      | Noticed Pikel
  3901 | D:5      | Killed Pikel
  3902 | D:5      | Reached skill level 5 in Fighting
  3902 | D:5      | Reached XP level 9. HP: 6/54 MP: 9/9
  4448 | D:6      | Reached *** piety under Wu Jian
  4565 | D:6      | Reached skill level 5 in Short Blades
  4685 | D:6      | Noticed Sigmund
  4687 | D:6      | Killed Sigmund
  4919 | D:6      | Reached XP level 10. HP: 60/60 MP: 10/10
  5076 | D:6      | Noticed Edmund
  5079 | D:6      | Killed Edmund
  5662 | D:7      | HP: 1/60 [killer bee (4)]
  6110 | D:7      | Noticed a two-headed ogre
  6120 | D:7      | Slain by a two-headed ogre

Illustrated notes

Levels and vault maps discovered:
D:1:      psy_arrival_whirlpool, layout_basic
D:2:      layout_basic, shapermc_ecumenical_altar_starsandcircs,
          glass_columns_c, kennysheep_generic_room_6
D:3:      wad_lake_hut, layout_rooms
D:4:      layout_rooms, nicolae_qazlal_beasts_of_the_sky, minmay_small_thing
D:5:      layout_basic, minmay_temple_entry_ruins, uniq_pikel
D:6:      hangedman_cross_stitches, layout_loops_cross, serial_co_window_serial,
          co_window_of_opportunity_a, co_window_paths_a,
          co_window_of_opportunity_a, co_window_paths_a,
          co_window_of_opportunity_a, co_window_of_opportunity_a,
          co_window_paths_a, co_window_broadway_a, co_window_corner_b,
          co_window_unsneaky_path_b, co_window_paths_e, co_window_paths_d,
          glass_columns_b, glass_columns_b, uniq_sigmund, uniq_edmund
D:7:      layout_basic, gammafunk_temple_overflow_wave

Skill      XL: |  1  2  3  4  5  6  7  8  9 10 |
---------------+-------------------------------+-----
Dodging        | 2 3 4 5 7 8 9 |  9.5
Throwing       | 3 4 5 7 8 9 |  9.0
Fighting       | 3 4 5 6 |  6.4
Stealth        | 6 7 8 9 |  9.5
Short Blades   | 5 6 |  6.8

Action                     |  1- 3 |  4- 6 |  7- 9 | 10-12 || total
---------------------------+-------+-------+-------+-------++-------
  Melee: Dagger            |    33 |    43 |   215 |   129 ||   420
         Punch             |       |       |     5 |     1 ||     6
  Throw: Dart              |    14 |     3 |     5 |     3 ||    25
         Boomerang         |    43 |    45 |    16 |     1 ||   105
         Stone             |       |     8 |    15 |       ||    23
Ability: Lunge             |     1 |     1 |    20 |    12 ||    34
         Wall Jump         |       |       |    19 |     8 ||    27
         Whirlwind         |       |       |    35 |    26 ||    61
  Evoke: Wand              |     1 |       |     3 |     1 ||     5
    Use: Scroll            |     3 |     6 |     3 |     4 ||    16
         Potion            |     2 |       |       |     3 ||     5
   Stab: Sleeping          |     1 |     1 |    17 |     7 ||    26
         Distracted        |     1 |       |     1 |     1 ||     3
 Armour: Robe              |     6 |     9 |    44 |    29 ||    88
  Dodge: Dodged            |    28 |    56 |   212 |   203 ||   499
